 Dungeon Crawl Stone Soup version 0.13-a0-2537-g1f6edf4 (webtiles) character file.

859 Kae the Firebug (level 7, -5/37 HPs)
             Began as a Tengu Fire Elementalist on July 27, 2013.
             Killed by divine providence
             ... invoked by an orc priest
              (12 damage)
             ... on Level 6 of the Dungeon.
             The game lasted 00:11:02 (5700 turns).

Kae the Firebug (Tengu Fire Elementalist)           Turns: 5700, Time: 00:11:02

HP  -5/37        AC  3     Str  9      XL: 7   Next: 83%
MP  12/16        EV 12     Int 17      God:
Gold 86          SH 10     Dex 14      Spells:  3 memorised,  6 levels left

Res.Fire  : . . .   See Invis. : .   s - +2,+3 orc hammer
Res.Cold  : . . .   Warding    : .   a - +0 robe
Life Prot.: . . .   Conserve   : .   j - +0 buckler
Res.Poison: .       Res.Corr.  : .   (helmet restricted)
Res.Elec. : .       Clarity    : .   (no cloak)
Sust.Abil.: . .     Spirit.Shd : .   (no gloves)
Res.Mut.  : .       Stasis     : .   (boots unavailable)
Res.Rott. : .       Flight     : .   (no amulet)
Saprovore : . . .                    (no ring)
                                     v - ring of teleport control

@: about to teleport, very slightly contaminated, somewhat resistant to hostile
enchantments, fairly stealthy
A: able to fly, beak, talons 3, magic resistance 1, AC +1
a: Fly, Evoke Teleport Control


You were on level 6 of the Dungeon.
You were not hungry.

You visited 1 branch of the dungeon, and saw 6 of its levels.

You collected 201 gold pieces.
You spent 135 gold pieces at shops.

Inventory:

Hand weapons
 s - a +2,+3 orcish hammer (weapon)
Armour
 a - a +0 robe (worn)
 j - a +0 buckler (worn)
Magical devices
 t - a wand of enslavement (14) {unknown}
Comestibles
 c - 5 bread rations
 f - an apricot
 h - 3 chokos
 l - 3 meat rations
 p - a rambutan
 A - a chunk of rat flesh
 B - an apple
Scrolls
 d - 2 scrolls of teleportation
 e - 6 scrolls of identify
 m - a scroll of immolation {unknown}
 n - a scroll of enchant weapon II {unknown}
 w - a scroll of amnesia
 C - a scroll of remove curse {unknown}
 D - a scroll of fog {unknown}
Jewellery
 v - a ring of teleport control (left hand)
 y - an uncursed amulet of rage {unknown}
 z - a +6 ring of intelligence {unknown}
Potions
 g - 2 potions of might {unknown}
 i - 6 potions of curing
 k - a potion of restore abilities {unknown}
 q - a potion of speed {unknown}
 r - a potion of confusion {unknown}
 u - 2 potions of heal wounds
 x - a potion of cure mutation {unknown}
Books
 b - a book of Flames

   Spells                             Type                      Level
   *Flame Tongue                      Conjuration/Fire             1
   *Throw Flame                       Conjuration/Fire             2
   *Conjure Flame                     Conjuration/Fire             3
   Inner Flame                        Hexes/Fire                   3
   Sticky Flame                       Conjuration/Fire             4
   Fireball                           Conjuration/Fire             5


   Skills:
 - Level 2.1 Dodging
 - Level 2.0 Stealth
 * Level 4.0 Shields
 + Level 3.3 Spellcasting
 + Level 5.3 Conjurations
 * Level 6.2 Fire Magic


You had 6 spell levels left.
You knew the following spells:

 Your Spells              Type           Power        Failure   Level  Hunger
a - Flame Tongue          Conj/Fire      ###..        1%          1    None
b - Throw Flame           Conj/Fire      ###...       2%          2    ##.....
c - Conjure Flame         Conj/Fire      ###.....     6%          3    ###....


Dungeon Overview and Level Annotations

Branches:
Dungeon (6/27)
 Temple: D:4-7          Orc: D:6-11

Altars:
Ashenzari
Nemelex Xobeh
Okawaru
Zin

Shops:
D:4: * D:5: %

Annotations
D:6 exclusions: ogre and orc priest, Prince Ribbit


Innate Abilities, Weirdness & Mutations

You can fly.
You have a beak for a mouth.
You have claws for feet.
You are partially covered in rugged brown scales (AC +1, +3% HP).
You are resistant to hostile enchantments.


Message History

The orc priest calls down the wrath of Beogh upon you.
You resist.
The orc priest hits you but does no damage.
The orc warrior hits you from afar with an orcish halberd!
* * * LOW HITPOINT WARNING * * *
The orc hits you but does no damage. The orc priest barely misses you.
The orc warrior closely misses you. The orc wizard barely misses you.
The orc barely misses you.
There is a stone staircase leading up here.
Read which item? (? for menu, Esc to quit)
Blink to where?
Press: ? - help, Dir - move target cursor, p - orc priest
As you read the scroll of blinking, it crumbles to dust.
You are very lightly contaminated with residual magic.
Read which item? (? for menu, Esc to quit)
As you read the scroll of teleportation, it crumbles to dust.
You feel strangely unstable.
The orc priest mumbles some strange prayers to Beogh against you.
Something smites you!
You die...

.........#....
...............
...............
###.w..........
#...o........#
.............####
.......o........##
......o.o........#
................@#
#####
..#..............#
#...#
%...............##
#...#
.................
#...#
.............#...
#...#
.............#...
###...# #####
......... .......
#.....####....
.#..... .....
#.(...##...... ......
....####.............


You could see an orc priest.

Vanquished Creatures
  Grinder (D:5)
  An ice beast (D:5)
  A centaur (D:5)
  2 crimson imps
  2 orc wizards
  An orc priest (D:4)
  A worker ant (D:5)
  3 gnolls (D:4)
  5 adders
  2 giant mites
  2 worms
  2 giant geckos
  3 oozes
  9 orcs
  6 ball pythons
  11 bats
  7 giant cockroaches
  13 hobgoblins
  11 kobolds
  2 quokkas (D:3)
  4 training dummies (D:5)
  A giant gecko skeleton (D:5)
  6 giant newts
  11 goblins
  An orc zombie (D:6)
  A quokka skeleton (D:4)
  13 rats
122 creatures vanquished.

Notes
Turn   | Place    | Note
--------------------------------------------------------------
     0 | D:1      | Kae, the Tengu Fire Elementalist, began the quest for the Orb.
     0 | D:1      | Reached XP level 1. HP: 10/10 MP: 3/3
   229 | D:1      | Reached XP level 2. HP: 13/15 MP: 3/5
   826 | D:1      | Reached XP level 3. HP: 11/19 MP: 2/7
   963 | D:1      | Gained mutation: You are partially covered in rugged brown scales (AC +1, +3% HP). [potion of mutation]
   963 | D:1      | Gained mutation: You are resistant to hostile enchantments. [potion of mutation]
  1196 | D:2      | Reached skill level 4 in Fire Magic
  1196 | D:2      | Reached XP level 4. HP: 22/24 MP: 2/8
  1836 | D:2      | Found a glowing silver altar of Zin.
  2453 | D:3      | Reached XP level 5. HP: 24/28 MP: 8/11
  3000 | D:4      | Reached skill level 1 in Shields
  3462 | D:4      | Found a shattered altar of Ashenzari.
  3464 | D:4      | Found a sparkling altar of Nemelex Xobeh.
  3484 | D:4      | Learned a level 2 spell: Throw Flame
  3488 | D:4      | Learned a level 3 spell: Conjure Flame
  3567 | D:4      | Reached XP level 6. HP: 32/32 MP: 5/13
  3883 | D:4      | Found Hotezaugo's General Store.
  3891 | D:4      | Bought a potion of heal wounds for 30 gold pieces
  3891 | D:4      | Bought a scroll of amnesia for 55 gold pieces
  3891 | D:4      | Bought a potion of heal wounds for 30 gold pieces
  3891 | D:4      | Bought a scroll of identify for 20 gold pieces
  4277 | D:5      | Entered Level 5 of the Dungeon
  4413 | D:5      | Found an iron altar of Okawaru.
  4416 | D:5      | Noticed Grinder
  4423 | D:5      | Paralysed by Grinder for 2 turns
  4437 | D:5      | Paralysed by Grinder for 3 turns
  4443 | D:5      | Killed Grinder
  4443 | D:5      | Reached skill level 5 in Conjurations
  4443 | D:5      | Reached skill level 5 in Fire Magic
  4443 | D:5      | Reached XP level 7. HP: 19/37 MP: 8/16
  5199 | D:5      | Found Vueru's Food Boutique.
  5416 | D:6      | Noticed Prince Ribbit
  5542 | D:6      | Reached skill level 6 in Fire Magic
  5700 | D:6      | Killed from afar by an orc priest

Action                   |  1- 3 |  4- 6 |  7- 9 || total
-------------------------+-------+-------+-------++-------
Melee: Unarmed           |    37 |    10 |       ||    47
       Hammer            |       |     2 |    40 ||    42
 Cast: Flame Tongue      |    53 |   132 |    44 ||   229
       Conjure Flame     |       |     1 |       ||     1
       Throw Flame       |       |       |     3 ||     3
  Use: Potion            |     5 |     2 |       ||     7
       Scroll            |       |     5 |     4 ||     9
 Stab: Sleeping          |     1 |     1 |       ||     2
